 Dungeon Crawl Stone Soup version 0.23.2-1-ga50397a6bc (webtiles) character file.

Game seed: 10358978943833896361

46631 Mrkan the Bludgeoner (level 14, 0/121 HPs)
             Began as a Minotaur Fighter on May 18, 2019.
             Was the Champion of Zin.
             Slain by a black mamba (11 damage)
             ... on level 5 of the Lair of Beasts.
             The game lasted 00:41:26 (17523 turns).

Mrkan the Bludgeoner (Minotaur Fighter)            Turns: 17523, Time: 00:41:28

Health: 0/121      AC: 19    Str: 28    XL:     14   Next: 5%
Magic:  21/21      EV:  7    Int:  9    God:    Zin [******]
Gold:   1249       SH: 12    Dex: 10    Spells: 13/13 levels left

rFire    . . .     SeeInvis .   t - +3 whip (flame)
rCold    + + .     Gourm    .   c - +0 shield
rNeg     . . .     Faith    .   E - +0 plate armour
rPois    .         Spirit   .   (helmet restricted)
rElec    .         Reflect  .   v - +0 cloak
rCorr    .         Harm     .   (no gloves)
MR       +....                  j - +0 pair of boots
Stlth    ..........             X - amulet "Ponefrat" {rC+ Regen+ Int+4}
HPRegen  0.70/turn              g - +2 ring of strength
MPRegen  0.17/turn              O - ring of protection from cold

@: lethally poisoned (0 -> -22), studying Unarmed Combat
A: retaliatory headbutt, horns 2
a: Recite, Vitalisation, Imprison, Sanctuary, Donate Gold, Renounce Religion


You were on level 5 of the Lair of Beasts.
You worshipped Zin.
Zin was exalted by your worship.
You were hungry.

You visited 2 branches of the dungeon, and saw 16 of its levels.
You also visited: Ice Cave.

You collected 1386 gold pieces.
You donated 137 gold pieces to Zin.

Inventory:

Hand Weapons
 t - a +3 whip of flaming (weapon)
Armour
 c - a +0 shield (worn)
 j - a +0 pair of boots (worn)
 n - a scarf of repulsion
 v - a +0 cloak (worn)
 E - a +0 plate armour (worn)
Jewellery
 a - a +3 ring of dexterity {unknown}
 b - a cursed amulet of inaccuracy {unknown}
 g - a +2 ring of strength (left hand)
 r - an uncursed ring of protection from fire
 C - an uncursed amulet of regeneration {unknown}
 O - a ring of protection from cold (right hand)
 S - an uncursed ring of see invisible
 V - an uncursed ring of positive energy {unknown}
 W - an uncursed ring of wizardry {unknown}
 X - the amulet "Ponefrat" (around neck) {rC+ Regen+ Int+4}
   (You found it in an ice cave)

   [amulet of regeneration]

   It affects your intelligence (+4).
   It protects you from cold.
   It increases your rate of regeneration.
 Y - a +4 ring of protection {unknown}
 Z - the ring of Vuqed {rC+ EV+1, unknown}
   (You found it in an ice cave)

   [ring of evasion]

   It affects your evasion (+1).
   It protects you from cold.
Wands
 s - a wand of enslavement (6)
 y - a wand of paralysis (16)
 B - a wand of flame (67)
 P - a wand of acid (6)
Scrolls
 e - a scroll of blinking
 i - a scroll of amnesia
 k - 4 scrolls of remove curse
 l - 9 scrolls of teleportation
 p - 3 scrolls of fear
 w - 4 scrolls of enchant armour
 x - 2 scrolls of immolation
 F - a scroll of enchant weapon
 I - a scroll of brand weapon {unknown}
 J - 3 scrolls of fog
 M - a scroll of holy word {unknown}
 N - a scroll of silence {unknown}
 R - a scroll of magic mapping {unknown}
Potions
 d - 3 potions of might
 h - 4 potions of curing
 m - 2 potions of mutation {unknown}
 o - 2 potions of lignification {unknown}
 q - 2 potions of invisibility {unknown}
 u - 3 potions of degeneration {unknown}
 z - a potion of resistance {unknown}
 D - a potion of agility
 G - 4 potions of flight
 H - a potion of haste {unknown}
 L - 3 potions of brilliance
 T - 2 potions of berserk rage {unknown}
Books
 A - a manual of Unarmed Combat
Comestibles
 f - 21 rations
 K - 4 chunks of flesh


   Skills:
 - Level 10.2 Fighting
 * Level 17.6 Maces & Flails
 + Level 13.3 Armour
 + Level 10.3 Shields
 + Level 11.0 Invocations


You had 13 spell levels left.
You didn't know any spells.
Your spell library contained the following spells:

 Spells                   Type           Power        Failure   Level  Hunger
 Animate Skeleton         Necr           N/A          99%         1    ##.....
 Apportation              Tloc           #.....       99%         1    ##.....
 Beastly Appendage        Tmut           #.....       99%         1    ##.....
 Confusing Touch          Hex            #.....       99%         1    ##.....
 Corona                   Hex            #......      99%         1    ##.....
 Summon Small Mammal      Summ           #...         99%         1    ##.....
 Ensorcelled Hibernation  Hex/Ice        #.....       100%        2    ###....
 Poisonous Vapours        Pois/Air       #.....       100%        2    ###....
 Sticks to Snakes         Tmut           #.......     100%        2    ###....
 Confuse                  Hex            #.......     100%        3    ####...
 Conjure Flame            Conj/Fire      #.......     100%        3    ####...
 Dazzling Spray           Conj/Hex       #.....       100%        3    ####...
 Mephitic Cloud           Conj/Pois/Air  #.......     100%        3    ####...
 Spider Form              Tmut/Pois      #.........   100%        3    ####...
 Tukima's Dance           Hex            #.......     100%        3    ####...
 Ice Form                 Ice/Tmut       #.......     100%        4    #####..
 Blade Hands              Tmut           #.........   100%        5    ######.
 Freezing Cloud           Conj/Ice/Air   #.........   100%        6    #######
 Ring of Flames           Chrm/Fire      #.........   100%        7    #######


Dungeon Overview and Level Annotations

Branches:
Dungeon (11/15)            Temple (0/1) D:6            Lair (5/6) D:10
  Swamp (0/4) Lair:4        Snake (0/4) Lair:4
  Slime: Lair:5-6       Orc: D:9-12

Altars:
Ashenzari
Dithmenos
Elyvilon
Nemelex Xobeh
Qazlal
Ru
Trog
Uskayaw
Vehumet
Wu Jian
Xom
Yredelemnul
Zin
The Shining One

Shops:
D:5 =   D:6 ?   D:7 }([

Annotations:
D:11 Sonja
Lair:1 exclusion: 2 oklob plants
Lair:3 exclusion: oklob plant


Innate Abilities, Weirdness & Mutations

You reflexively headbutt those who attack you in melee.
You have a pair of horns on your head.


Message History

You hit the black mamba but do no damage.
Your headbutt misses the black mamba.
You feel sick. You block the black mamba's attack.
You feel very sick. You block the black mamba's attack.
You see here a wolf corpse.
You feel sick.
The black mamba bites you but does no damage.
You feel sick. You block the black mamba's attack.
You feel sick.
You feel sick. You block the black mamba's attack.
You feel sick. The black mamba bites you.
* * * LOW HITPOINT WARNING * * *
You are lethally poisoned!
The black mamba poisons you!
Found a robe.
* * * LOW HITPOINT WARNING * * *
You feel very sick. The black mamba bites you!
You die...

.....P.#.....P...#.# #...♣
................#### ##..♣
...............# #...♣
...............######...♣
...............#.##.....♣
.............)..........♣
........................♣
........................♣♣
...#.@.Y...#....♣♣
......#.S..###.....♣
............##.....♣♣
....................♣♣
........PPP..........♣
.....######...........
..... #..†........ .P.
###......... [#
#..........


You could see an elephant and a black mamba.

Vanquished Creatures
  2 ice dragons (IceCv)
  5 hydras
  2 catoblepae
  8 death yaks
  Pikel (D:4)
  A centaur zombie (D:11)
  An ugly thing (D:11)
  Maurice (D:8)
  5 black mambas
  12 elephants
  Psyche (D:8)
  9 spiny frogs
  2 torpor snails
  3 rime drakes
  4 komodo dragons
  2 trolls
  A hornet (D:7)
  5 polar bears (Lair:4)
  2 dream sheep (D:11)
  9 blink frogs
  11 hippogriffs
  A bog body (Lair:4)
  37 yaks
  A wyvern (D:8)
  3 basilisks
  Grum (D:8)
  A steam dragon (D:10)
  2 hungry ghosts
  3 nagas
  A swamp worm (Lair:4)
  Menkaure (D:7)
  15 water moccasins
  An acid dragon (D:11)
  3 porcupines
  17 ice beasts
  A sky beast (D:6)
  3 phantoms
  2 orc warriors
  An eye of draining (D:10)
  5 ogres
  11 wolves
  9 centaurs
  15 crocodiles
  4 big kobolds (D:11)
  17 bullfrogs
  Blork the orc (D:5)
  A wyvern zombie (D:11)
  4 scorpions
  7 killer bees
  4 howler monkeys
  An electric eel (Lair:4)
  2 crimson imps
  3 bullfrog zombies
  2 hounds
  A jelly (D:5)
  6 orc priests
  A bullfrog skeleton (D:5)
  2 centaur skeletons
  Ijyb (D:5)
  4 iguanas
  8 orc wizards
  5 worker ants
  A hound zombie (D:6)
  2 worker ant zombies
  A howler monkey zombie (D:7)
  7 adders
  4 gnolls (D:10)
  5 shadow imps
  12 white imps (Lair:4)
  An ooze (D:4)
  2 adder zombies (D:9)
  An adder skeleton (D:10)
  5 worms
  3 dart slugs (D:1)
  7 leopard geckos
  26 orcs
  A ball python (D:1)
  5 bats
  6 giant cockroaches
  2 goblins
  3 hobgoblins
  13 jackals
  3 quokkas
  5 frilled lizards
  A jackal skeleton (D:5)
  9 kobolds
  A leopard gecko zombie (D:6)
  4 quokka skeletons
  4 rats
  A spectral orc (D:4)
  A fungus (Lair:1)
431 creatures vanquished.

Vanquished Creatures (others)
  An orc priest (D:4)
  A worker ant (D:4)
  A leopard gecko (D:3)
  An orc (D:4)
  A jackal (D:4)
  34 fungi (Lair:5)
  6 plants
45 creatures vanquished.

Grand Total: 476 creatures vanquished

Notes
Turn   | Place    | Note
-------+----------+-------------------------------------------
     0 | D:1      | Mrkan the Minotaur Fighter began the quest for the Orb.
     0 | D:1      | Reached XP level 1. HP: 19/19 MP: 0/0
   125 | D:1      | Reached XP level 2. HP: 13/27 MP: 1/1
   258 | D:1      | Reached skill level 3 in Maces & Flails
   930 | D:1      | Reached XP level 3. HP: 33/33 MP: 2/2
  1783 | D:2      | Found a glowing silver altar of Zin.
  1805 | D:2      | Became a worshipper of Zin the Law-Giver
  1805 | D:2      | Reached * piety under Zin
  2163 | D:3      | Found a sacrificial altar of Ru.
  2256 | D:3      | Found a bloodstained altar of Trog.
  2256 | D:3      | Found a shadowy altar of Dithmenos.
  2257 | D:3      | Found an ornate altar of the Wu Jian Council.
  2487 | D:3      | Noticed a centaur
  2495 | D:3      | Killed a centaur
  2495 | D:3      | Reached skill level 4 in Maces & Flails
  2495 | D:3      | Reached skill level 1 in Invocations
  2495 | D:3      | Reached XP level 4. HP: 41/41 MP: 3/3
  2495 | D:3      | Reached XP level 5. HP: 47/47 MP: 4/4
  2638 | D:3      | Reached ** piety under Zin
  2696 | D:3      | Found a white marble altar of Elyvilon.
  2897 | D:4      | Noticed a slave
  2899 | D:4      | Noticed Pikel
  2901 | D:4      | Noticed a slave
  2902 | D:4      | Noticed a slave
  2904 | D:4      | Noticed a slave
  2910 | D:4      | Killed Pikel
  2910 | D:4      | Reached skill level 5 in Fighting
  2910 | D:4      | Reached skill level 6 in Maces & Flails
  2910 | D:4      | Reached skill level 5 in Armour
  2910 | D:4      | Reached XP level 6. HP: 7/56 MP: 4/7
  2910 | D:4      | Reached XP level 7. HP: 8/61 MP: 4/8
  3748 | D:4      | Found a basalt altar of Yredelemnul.
  3803 | D:5      | Entered Level 5 of the Dungeon
  3803 | D:5      | Noticed Ijyb
  3811 | D:5      | Killed Ijyb
  3811 | D:5      | Reached skill level 7 in Maces & Flails
  3871 | D:5      | Noticed Blork the orc
  3931 | D:5      | Killed Blork the orc
  3931 | D:5      | Reached XP level 8. HP: 39/70 MP: 9/9
  4021 | D:5      | Found a radiant altar of Vehumet.
  4108 | D:5      | Found Musi's Jewellery Boutique.
  4371 | D:5      | Reached skill level 8 in Maces & Flails
  4601 | D:5      | Reached *** piety under Zin
  4932 | D:6      | Found a staircase to the Ecumenical Temple.
  5014 | D:6      | Found Ahuu's Magic Scroll Emporium.
  5298 | D:6      | Found a shimmering altar of Xom.
  5441 | D:7      | Reached skill level 9 in Maces & Flails
  5465 | D:7      | Noticed a hippogriff
  5474 | D:7      | Killed a hippogriff
  5474 | D:7      | Reached XP level 9. HP: 64/79 MP: 11/11
  5554 | D:7      | Found Ikhiurack's Antique Weapon Boutique.
  5572 | D:7      | Reached skill level 5 in Invocations
  5597 | D:7      | Found a hide-covered altar of Uskayaw.
  5620 | D:7      | Found Wudaxzoy's Antique Armour Shop.
  5656 | D:7      | Noticed Menkaure
  5671 | D:7      | Killed Menkaure
  5875 | D:7      | Found Jaqau's Gadget Emporium.
  5952 | D:7      | Reached skill level 10 in Maces & Flails
  5985 | D:7      | Reached **** piety under Zin
  6465 | D:8      | Noticed Maurice
  6483 | D:8      | Killed Maurice
  6541 | D:8      | Reached skill level 11 in Maces & Flails
  6575 | D:8      | Reached XP level 10. HP: 88/90 MP: 13/13
  6712 | D:8      | Noticed Grum
  7073 | D:8      | Killed Grum
  7133 | D:8      | Noticed Psyche
  7142 | D:8      | Killed Psyche
  7242 | D:8      | Found a stormy altar of Qazlal.
  7471 | D:9      | You fall through a shaft for 2 floors!
  7498 | D:11     | Reached skill level 12 in Maces & Flails
  7571 | D:11     | Noticed a three-headed hydra
  7581 | D:11     | Killed a three-headed hydra
  7662 | D:11     | Found a hide-covered altar of Uskayaw.
  7741 | D:11     | Reached XP level 11. HP: 64/99 MP: 15/15
  7794 | D:10     | Entered Level 10 of the Dungeon
  7879 | D:9      | Reached skill level 10 in Fighting
  8035 | D:9      | Reached skill level 10 in Armour
  8046 | D:9      | Reached skill level 13 in Maces & Flails
  8062 | D:9      | HP: 1/99 [yak (7)]
  8062 | D:9      | Zin protects you from harm!
  8066 | D:9      | Zin protects you from harm!
  8067 | D:9      | Zin protects you from harm!
  8437 | D:9      | Reached ***** piety under Zin
  8687 | D:9      | Found a shattered altar of Ashenzari.
  8687 | D:9      | Found a glowing golden altar of the Shining One.
  9116 | D:10     | Found a staircase to the Lair.
  9226 | D:10     | Found a sparkling altar of Nemelex Xobeh.
  9383 | D:11     | Noticed Sonja
  9562 | D:11     | Noticed a brown ugly thing
  9585 | D:11     | Killed a brown ugly thing
  9979 | Lair:1   | Entered Level 1 of the Lair of Beasts
 10109 | Lair:1   | Reached skill level 5 in Shields
 10135 | Lair:1   | Noticed a six-headed hydra
 10148 | Lair:1   | Killed a six-headed hydra
 10229 | Lair:1   | Reached skill level 14 in Maces & Flails
 10570 | Lair:1   | Noticed an oklob plant
 10570 | Lair:1   | Noticed an eight-headed hydra
 10570 | Lair:1   | Noticed an oklob plant
 10594 | Lair:1   | Killed an eight-headed hydra
 10594 | Lair:1   | Reached XP level 12. HP: 50/106 MP: 17/17
 11123 | Lair:2   | Reached ****** piety under Zin
 12368 | Lair:3   | Reached skill level 15 in Maces & Flails
 12995 | Lair:3   | Found the +8 whip "Snakebite" {curare, rPois}
 13979 | Lair:4   | Found a staircase to the Snake Pit.
 14391 | Lair:4   | Noticed an eight-headed hydra
 14403 | Lair:4   | Killed an eight-headed hydra
 14414 | Lair:4   | Found a frozen archway.
 14491 | IceCv    | Entered an ice cave
 14506 | IceCv    | Reached skill level 16 in Maces & Flails
 14506 | IceCv    | Reached XP level 13. HP: 84/113 MP: 19/19
 14843 | IceCv    | Reached skill level 10 in Invocations
 14846 | IceCv    | HP: 1/113 [ice dragon/blast of cold (29)]
 15243 | IceCv    | Got a shimmering jade amulet
 15249 | IceCv    | Got a transparent iron ring
 15351 | Lair:4   | Identified the amulet "Ponefrat" {rC+ Regen+ Int+4} (You
                  | found it in an ice cave)
 16268 | Lair:4   | Reached skill level 17 in Maces & Flails
 16502 | Lair:4   | Found a staircase to the Swamp.
 16727 | Lair:5   | Zin protects you from harm!
 16735 | Lair:5   | Reached skill level 10 in Shields
 17406 | Lair:5   | Reached XP level 14. HP: 113/121 MP: 21/21
 17523 | Lair:5   | Slain by a black mamba

Skill      XL: |  1  2  3  4  5  6  7  8  9 10 11 12 13 14 |
---------------+-------------------------------------------+-----
Maces & Flails | 3 4 6 7 9 11 12 14 16 17 | 17.6
Fighting       | 4 5 6 7 8 9 10 | 10.2
Shields        | 4 6 8 10 | 10.3
Armour         | 4 5 6 7 8 9 11 12 13 | 13.3
Invocations    | 1 2 3 4 6 7 8 9 10 11 | 11.0

Action                   |  1- 3 |  4- 6 |  7- 9 | 10-12 | 13-15 || total
-------------------------+-------+-------+-------+-------+-------++-------
Melee: Flail             |    84 |    30 |   220 |       |       ||   334
       Headbutt          |    13 |     5 |    75 |   264 |   164 ||   521
       Unarmed           |       |       |     6 |       |       ||     6
       Whip              |       |       |   144 |  1094 |   551 ||  1789
Invok: Vitalisation      |       |       |       |     3 |     1 ||     4
       Recite            |       |       |       |     1 |       ||     1
       Imprison          |       |       |       |     1 |       ||     1
  Use: Scroll            |       |       |     6 |    12 |     1 ||    19
       Potion            |       |       |       |     7 |     6 ||    13
  Eat: Chunk             |     4 |     2 |     6 |     6 |     7 ||    25
       Ration            |       |       |     2 |     7 |     1 ||    10
Armor: Scale mail        |    37 |    10 |    65 |       |       ||   112
       Plate armour      |       |       |    90 |   440 |   192 ||   722
Dodge: Dodged            |    32 |    11 |    60 |   152 |    80 ||   335
Block: Shield            |    46 |    13 |   154 |   402 |   237 ||   852
